 Dungeon Crawl Stone Soup version 0.30.1-11-g7821555f0a (webtiles) character file.

Game seed: 14651897387621880664

1631 Kallu the Destroyer (level 8, 0/61 HPs)
             Began as a Demonspawn Fire Elementalist on Jan 3, 2024.
             Shot with an arrow by a centaur (11 damage)
             ... on level 6 of the Dungeon.
             The game lasted 00:16:27 (6817 turns).

Kallu the Destroyer (Demonspawn Fire Elementalist)  Turns: 6817, Time: 00:16:27

Health: 0/61       AC:  3    Str:  9    XL:     8   Next: 65%
Magic:  5/12       EV: 13    Int: 18    God:
Gold:   336        SH:  0    Dex: 14    Spells: 10/13 levels left

rFire   . . .        x - +0 dagger (drain)
rCold   . . .        (no shield)
rNeg    + . .        a - +0 robe
rPois   .            (no helmet)
rElec   .            (no cloak)
rCorr   .            (no gloves)
SInv    +            (no boots)
Will    .....        (no amulet)
Stlth   ++           t - ring of positive energy
HPRegen 0.30/turn    z - ring of see invisible
MPRegen 0.13/turn

%: no passive effects
@: invisible
A: rugged brown scales 1, foul stench 1, powered by death 1, demonic touch 1
a: no special abilities


You were on level 6 of the Dungeon.
You visited 1 branch of the dungeon, and saw 6 of its levels.
You also visited: Sewer.

You collected 336 gold pieces.

Inventory:

Hand Weapons
 x - a +0 dagger of draining (weapon)
Missiles
 b - a curare-tipped dart
 d - 34 poisoned darts
Armour
 a - a +0 robe (worn)
Jewellery
 t - a ring of positive energy (left hand)
 z - a ring of see invisible (right hand)
 C - an amulet of guardian spirit
Scrolls
 f - 3 scrolls of teleportation
 g - 4 scrolls of magic mapping {unknown}
 h - 2 scrolls of fear {unknown}
 i - a scroll of blinking {unknown}
 j - a scroll of silence {unknown}
 l - 2 scrolls of poison {unknown}
 o - a scroll of enchant weapon {unknown}
 u - 3 scrolls of vulnerability {unknown}
 v - a scroll of enchant armour {unknown}
 y - a scroll of noise
Potions
 c - 3 potions of haste {unknown}
 e - 2 potions of might {unknown}
 k - a potion of mutation {unknown}
 m - 2 potions of degeneration {unknown}
 n - a potion of ambrosia {unknown}
 p - a potion of resistance {unknown}
 q - a potion of berserk rage {unknown}
 s - 2 potions of attraction {unknown}
 w - a potion of magic
 A - a potion of cancellation {unknown}
 B - a potion of lignification {unknown}


   Skills:
 + Level 4.0 Fighting
 - Level 3.0 Dodging
 - Level 1.7 Stealth
 - Level 3.1 Spellcasting
 - Level 8.1 Conjurations
 - Level 5.0 Fire Magic


You had 10 spell levels left.
You knew the following spells:

 Your Spells              Type           Power      Damage    Failure   Level
a - Foxfire               Conj/Fire      100%       2x1d9     1%          1
b - Scorch                Fire           40%        2d6       3%          2

Your spell library contained the following spells:

 Spells                   Type           Power      Damage    Failure   Level
 Momentum Strike          Conj/Tloc      34%        3d8       4%          2
 Flame Wave               Conj/Fire      26%        2d8       11%         4
 Inner Flame              Hex/Fire       11%        N/A       17%         3
 Volatile Blastmotes      Fire/Tloc      22%        2d11      17%         3
 Blink                    Tloc           4%         N/A       24%         2
 Ensorcelled Hibernation  Hex/Ice        4%         N/A       24%         2
 Lesser Beckoning         Tloc           4%         N/A       24%         2
 Spider Form              Tmut/Pois      2%         N/A       43%         3
 Anguish                  Hex/Necr       1%         N/A       85%         4
 Yara's Violent Unravell  Hex/Tmut       1%         3d3       99%         5
 Enfeeble                 Hex            1%         N/A       100%        7


Dungeon Overview and Level Annotations

Branches:
Dungeon (6/15)              Sewer (visited)
 Temple: D:4-7

Altars:
Cheibriados
Wu Jian

Shops:
D:2 (

Annotations:
D:4 1 runed translucent door, Crazy Yiuf


Innate Abilities, Weirdness & Mutations

You are partially covered in rugged brown scales. (AC +1, +3% HP)
You may rarely emit foul miasma when damaged in melee.
You regenerate a little health from kills.
Your touch may inflict minor irresistible damage on your foes.


Message History

A gnoll comes into view. It is wielding a +0 spear.
Casting: Scorch (safe; 3% risk of failure)
Confirm with . or Enter, or press ? or * to list all spells.
Flames lash the gnoll bouda.
The gnoll bouda is moderately wounded.
The gnoll bouda's fire resistance burns away.
The foxfire hits the centaur.
The centaur is lightly wounded.
The centaur shoots an arrow.
The arrow barely misses you. The gnoll barely misses you.
Casting: Scorch (safe; 3% risk of failure)
Confirm with . or Enter, or press ? or * to list all spells.
Flames lash the gnoll.
The gnoll is moderately wounded.
The gnoll's fire resistance burns away.
The centaur shoots an arrow.
The arrow hits you!
The centaur shoots an arrow.
The arrow hits you!
* * * LOW HITPOINT WARNING * * *
The gnoll bouda gazes fiercely through you!
You feel your attacks grow feeble.
The gnoll hits you from afar with a +0 spear.
* * * LOW HITPOINT WARNING * * *
Okay, then.
You fade into invisibility!
The centaur shoots an arrow.
The arrow closely misses you. The iguana bites you.
* * * LOW HITPOINT WARNING * * *
The gnoll closely misses you.
Unknown command.
The iguana bites you but does no damage.
Your attacks no longer feel as feeble.
The iguana completely misses you.
The centaur shoots an arrow.
The arrow closely misses the iguana.
The arrow closely misses you.
The centaur shoots an arrow.
The arrow hits the iguana but does no damage.
The centaur shoots an arrow.
The arrow barely misses you.
There is a stone staircase leading up here.
The centaur shoots an arrow.
The arrow hits you but does no damage.
The centaur shoots an arrow.
The arrow hits you!
You die...

##...##........
gg.#g#........
#:#.g........
#)..#c.......
#...##.######.
##.##.....#
.......#.#.#
##..####.# #
#.# #@# ... ###
.##


You could see a centaur (unable to see you) and a gnoll bouda (unable to see
you).

Vanquished Creatures
  Menkaure (D:5)
  A black bear (D:4)
  An ogre (D:5)
  A centaur (D:6)
  6 kobold brigands (Sewer)
  Blork the orc (D:4)
  2 scorpions (D:5)
  2 hounds (D:4)
  5 orc priests
  A gnoll bouda (D:5)
  2 iguanas
  2 orc wizards
  8 gnolls
  11 adders
  2 river rats
  A white imp (D:5)
  An ufetubus (D:5)
  5 worms
  A dart slug (D:1)
  8 orcs
  14 endoplasms
  3 giant cockroaches
  5 hobgoblins
  10 quokkas
  16 ball pythons
  5 bats
  3 frilled lizards (D:2)
  6 goblins
  3 kobolds
  9 rats
136 creatures vanquished.

Vanquished Creatures (collateral kills)
  A foxfire (D:5)
1 creature vanquished.

Vanquished Creatures (others)
  386 foxfires
386 creatures vanquished.

Grand Total: 523 creatures vanquished

Notes
Turn   | Place    | Note
-------+----------+-------------------------------------------
     0 | D:1      | Kallu the Demonspawn Fire Elementalist began the quest for
                  | the Orb.
     0 | D:1      | Reached XP level 1. HP: 13/13 MP: 3/3
   211 | D:1      | Reached skill level 2 in Conjurations
   211 | D:1      | Gained mutation: You regenerate a little health from kills.
                  | [demonic ancestry]
   211 | D:1      | Reached XP level 2. HP: 19/19 MP: 0/5
  1076 | D:1      | Learned a level 2 spell: Scorch
  1176 | D:2      | Reached skill level 3 in Conjurations
  1238 | D:2      | Gained mutation: You are partially covered in rugged brown
                  | scales. (AC +1, +3% HP) [demonic ancestry]
  1238 | D:2      | Reached XP level 3. HP: 19/24 MP: 3/6
  1443 | D:2      | Found Ojiqyfi's Weapon Emporium.
  1557 | D:2      | Identified the +1 robe "Pufaot" {rN+ Will+ Slay-3}
  1882 | D:3      | Found an ornate altar of the Wu Jian Council.
  2289 | D:3      | Reached skill level 1 in Fighting
  2902 | D:4      | Reached XP level 4. HP: 32/32 MP: 3/7
  2903 | D:4      | Noticed Blork the orc
  2910 | D:4      | Killed Blork the orc
  2911 | D:4      | Reached XP level 5. HP: 28/38 MP: 0/9
  3065 | D:4      | Found a snail-covered altar of Cheibriados.
  3101 | D:3      | Reached skill level 4 in Conjurations
  3231 | D:4      | Found a glowing drain.
  3235 | Sewer    | Entered a sewer
  3281 | Sewer    | Reached XP level 6. HP: 44/44 MP: 4/10
  3433 | Sewer    | Reached skill level 5 in Conjurations
  3801 | Sewer    | Gained mutation: You may rarely emit foul miasma when
                  | damaged in melee. [demonic ancestry]
  3801 | Sewer    | Reached XP level 7. HP: 24/53 MP: 6/11
  4702 | D:4      | Reached skill level 5 in Fire Magic
  5080 | D:4      | Found a runed translucent door.
  5081 | D:4      | Noticed Crazy Yiuf
  5211 | D:5      | Entered Level 5 of the Dungeon
  5224 | D:5      | Reached skill level 6 in Conjurations
  5224 | D:5      | Gained mutation: Your touch may inflict minor irresistible
                  | damage on your foes. [demonic ancestry]
  5224 | D:5      | Reached XP level 8. HP: 59/59 MP: 3/12
  5431 | D:5      | Identified the +5 short sword of Huyph {flame, Contam rElec
                  | Int+4}
  5466 | D:5      | Noticed Menkaure
  5470 | D:5      | Killed Menkaure
  5471 | D:5      | Reached skill level 7 in Conjurations
  6139 | D:5      | Reached skill level 8 in Conjurations
  6817 | D:6      | Shot with an arrow by a centaur

Illustrated notes

Levels and vault maps discovered:
D:1:      reono_arrival_mine, layout_basic
D:2:      layout_basic, serial_shops, nicolae_shop_behind_doors,
          due_unseen_surprise
D:3:      layout_loops_corners, nzn_wu_jian_council_hall, roderic_lattice_a
D:4:      layout_rooms, kennysheep_little_box, gup_sewer_entry_spiral,
          uniq_crazy_yiuf_cottage, uniq_blork_the_orc
D:5:      cheibrodos_quashed, layout_basic, chequers_big_river, uniq_menkaure
D:6:      layout_basic, marbit_many_paths,
          minmay_temple_entry_statues_fountains, gammafunk_ghost_icy,
          minmay_manual_mares

Skill      XL: |  1  2  3  4  5  6  7  8 |
---------------+-------------------------+-----
Conjurations   | 2 3 4 5 6 8 |  8.1
Dodging        | 2 3 |  3.0
Fighting       | 1 3 4 |  4.0
Spellcasting   | 3 |  3.1
Fire Magic     | 3 5 |  5.0
Stealth        | |  1.7

Action                     |  1- 3 |  4- 6 |  7- 9 || total
---------------------------+-------+-------+-------++-------
  Melee: Unarmed           |    19 |       |       ||    19
         Punch             |     1 |     1 |       ||     2
         Dagger            |    26 |    16 |    75 ||   117
         Touch             |       |       |     3 ||     3
   Cast: Foxfire           |    88 |    51 |    99 ||   238
         Scorch            |       |     7 |    33 ||    40
    Use: Scroll            |     3 |     1 |     1 ||     5
         Potion            |       |     5 |     1 ||     6
   Stab: Sleeping          |     2 |       |     1 ||     3
 Armour: Robe              |    11 |     6 |    17 ||    34
  Dodge: Dodged            |    62 |    37 |    82 ||   181
